cohdb
Replays
Latest Replays
All Replays
Popular Replays
Top Player Replays
Match Explorer
How It Works
Community
CoH3 Stats
Reddit
Sign in to upload your games and track your stats! →
Sign in with Steam
Match 46171722
Unlisted
Match 46171722
Overview
Messages
Build Orders
End
Construct Barracks
Selects Armored Battlegroup
Selects Veteran Crews
Riflemen Squad
Riflemen Squad
M1 Mortar Team
Construct Weapon Support Center
Riflemen Squad
Construct Medical Station
Grenade Package
Infantry Support Center
Selects Fast Deploy
M1918 Browning Automatic Rifles
Selects M8 Scott SPG
M8 Scott SPG
AI Takeover
Don Pitudo
rhdogs
jokerll
我出奶车
Phoenix
흰수염고래
0
0
Comments
sign in to comment!
No comments posted yet!